[Event "*** Titled Tuesday Blitz"]
[Site "Chess.com"]
[Date "2020.05.05"]
[Round "2"]
[White "kuba2006"]
[Black "H3nriqueTV"]
[Result "1-0"]
[WhiteElo "2412"]
[BlackElo "2164"]
[TimeControl "180+1"]
[EndTime "10:16:34 PDT"]
[Termination "kuba2006 won by resignation"]

1. e4 c5 2. Nf3 b6 3. d4 cxd4 4. Nxd4 Bb7 5. Bd3 a6 6. O-O e6 7. Nc3 Qc7 8. Kh1 Nc6 9. Nxc6 Qxc6 10. f4 Nf6 11. Qe2 Bb4 12. Bd2 O-O 13. Rae1 d5 14. e5 Bxc3 15. Bxc3 Ne4 16. Bxe4 dxe4 17. Bd4 b5 18. c3 a5 19. a3 b4 20. axb4 axb4 21. cxb4 Ba6 22. Qe3 Bxf1 23. Rxf1 Rfd8 24. Bc5 Rd3 25.
Qe2 Rad8 26. h3 Rd2 27. Qg4 e3 28. Bxe3 h5 29. Qg5 Rxb2 30. Qxd8+ Kh7 31. Qg5 g6 32.
Bc5 Qb5 33. Rg1 Rb3 34. Kh2 Qe8 35. Qe7 Qg8 36. Rd1 Qg7 37. Rd7 Kg8 38. Qe8+ 1-0

[Event "*** Titled Tuesday Blitz"]
[Site "Chess.com"]
[Date "2020.05.05"]
[Round "2"]
[White "GM4life"]
[Black "Veiso"]
[Result "1-0"]
[WhiteElo "2166"]
[BlackElo "2385"]
[TimeControl "180+1"]
[EndTime "10:16:35 PDT"]
[Termination "GM4life won by resignation"]

1. e4 c5 2. Nf3 d6 3. d4 cxd4 4. Nxd4 Nf6 5. Nc3 a6 6. Be3 e5 7. Nb3 Be6 8. f3 Be7 9. Qd2 O-O 10. O-O-O Nbd7 11. g4 b5 12. g5 b4 13. Ne2 Ne8 14.
f4 a5 15. f5 a4 16. Nbd4 exd4 17. Nxd4 b3 18. Kb1 bxc2+ 19. Nxc2 Bb3 20. axb3 axb3 21. Na3 Nb6 22. Rg1 d5 23. Qd4 Bxa3 24. Qxb6 Qe7 25. f6 Qxe4+ 26. Bd3 Qa4 27. fxg7 Bb4 28. Bxh7+ Kxg7 29. Qh6+ Kh8 30. Bg6+ 1-0

[Event "*** Titled Tuesday Blitz"]
[Site "Chess.com"]
[Date "2020.05.05"]
[Round "2"]
[White "CraiggoryC"]
[Black "VALPARAISO37"]
[Result "0-1"]
[WhiteElo "2116"]
[BlackElo "2389"]
[TimeControl "180+1"]
[EndTime "10:16:36 PDT"]
[Termination "VALPARAISO37 won by resignation"]

1. e4 e5 2. Nc3 Nc6 3. f4 exf4 4. Nf3 g5 5. g3 g4 6. Nh4 f3 7. d4 d6 8. Be3 Be7 9. Qd2 Bxh4 10. gxh4 Qxh4+ 11. Bf2 Qh6 12. Be3 Qh4+ 13. Bf2 Qh6 14. Be3 Qg7 15.
O-O-O Bd7 16. Nd5 O-O-O 17. h3 h5 18. hxg4 hxg4 19. Rxh8 Qxh8 20. Bb5 Nge7 21. Qc3 Nxd5 22. exd5 Ne7 23. Bc4 Nf5 24. Qa3 Kb8 25. Bg5 Re8 26.
Qb4 Nxd4 27. Ba6 Ne2+ 28. Kb1 Bc8 29. a4 Qe5 30. a5 Qe4 31. Qb3 Nd4 32. Rxd4 Qxd4 33.
Bxb7 Bxb7 34. a6 Re1+ 35. Ka2 Qb6 0-1

[Event "*** Titled Tuesday Blitz"]
[Site "Chess.com"]
[Date "2020.05.05"]
[Round "2"]
[White "grzechu96"]
[Black "DDTerziev04"]
[Result "1-0"]
[WhiteElo "2595"]
[BlackElo "2306"]
[TimeControl "180+1"]
[EndTime "10:16:38 PDT"]
[Termination "grzechu96 won by resignation"]

1. e4 e6 2. d4 d5 3. Nc3 Bb4 4. exd5 exd5 5. Bd3 Ne7 6. Qh5 h6 7. Nf3 Nbc6 8. O-O Be6 9. a3 Bxc3 10. bxc3 Qd7 11. Ng5 O-O-O 12. Nxe6 fxe6 13. Bf4 g5 14. Bg3 Nf5 15. Rae1 Rdf8 16. Qg6 Nd8 17. Re2 Rhg8 18. Qh5 Nxg3 19. hxg3 Rf6 20. f4 gxf4 21. Rxf4 Rxf4 22.
gxf4 Qg7 23. Qe5 Qxe5 24. Rxe5 c6 25. Rh5 Rf8 26. Rxh6 Rxf4 27. g3 Rf3 28. Kg2 Re3 29. Kf2 Rxd3 30. cxd3 b5 31. g4 Kd7 32. Rh7+ Ke8 33.
Rxa7 Nf7 34. Kg3 e5 35. dxe5 Nxe5 36. d4 Nc4 37. g5 Kf8 38. Kf4 Nb2 39. Kf5 Nd1 1-0

[Event "*** Titled Tuesday Blitz"]
[Site "Chess.com"]
[Date "2020.05.05"]
[Round "2"]
[White "gurelediz"]
[Black "Mikozovna"]
[Result "1/2-1/2"]
[WhiteElo "2581"]
[BlackElo "2262"]
[TimeControl "180+1"]
[EndTime "10:16:39 PDT"]
[Termination "Game drawn by repetition"]

1. e4 c5 2. Nf3 d6 3. d4 cxd4 4.
Nxd4 Nf6 5. Nc3 a6 6. Be3 e5 7. Nf3 Qc7 8. a4 Be7 9. a5 Be6 10. Be2 Nbd7 11. O-O O-O 12. Nd5 Bxd5 13. exd5 b6 14. b4 b5 15. c4 bxc4 16. Rc1 Qb7 17.
Bxc4 Qxb4 18. Bd2 Qb7 19. Rb1 Qc7 20. Qe2 Rfc8 21. Rfc1 Nc5 22. Rb6 Rcb8 23. Rc6 Qd7 24. Rxc5 dxc5 25. Nxe5 Qd6 26. Bf4 Nxd5 27. Qf3 Nxf4 28.
Nxf7 Qd2 29. Ng5+ Kh8 30. Nf7+ Kg8 31. Rd1 Qc2 32. Ng5+ Kh8 33. Nf7+ Kg8 34. Nd6+ Kh8 35. Nf7+ Kg8 1/2-1/2

[Event "*** Titled Tuesday Blitz"]
[Site "Chess.com"]
[Date "2020.05.05"]
[Round "2"]
[White "SharapovEvgeny"]
[Black "MoreChessJulia"]
[Result "1-0"]
[WhiteElo "2347"]
[BlackElo "1788"]
[TimeControl "180+1"]
[EndTime "10:16:40 PDT"]
[Termination "SharapovEvgeny won by resignation"]

1. e4 c6 2. d4 d5 3. Nc3 g6 4. Nf3 Bg7 5. Be3 f6 6. Qd2 Bg4 7. Be2 Nd7 8. h3 Be6 9. O-O h5 10. exd5 cxd5 11. Rfe1 Kf7 12. Bd3 Nh6 13. Bxh6 Bxh6 14.
Qe2 Nf8 15. Nh4 Qd7 16. Nxg6 Nxg6 17. Bxg6+ Kxg6 18. Qxe6 Qxe6 19. Rxe6 Kf7 20. Rae1 Rhe8 21. Nxd5 Rac8 22. Rxe7+ Rxe7 23. Rxe7+ Kf8 24. c3 Rd8 25.
Rxb7 Rxd5 26. Rxa7 Bf4 27. Kf1 Rb5 28. b3 Rb8 29. Ke2 Re8+ 30. Kd3 h4 31. a4 Bg5 32. a5 Re1 33. a6 Rd1+ 34. Kc4 Rc1 35. Rb7 Bd2 36. a7 Rxc3+ 37. Kd5 Rc8 38. Rb8 1-0

[Event "*** Titled Tuesday Blitz"]
[Site "Chess.com"]
[Date "2020.05.05"]
[Round "2"]
[White "joksijoksi"]
[Black "algatar2020"]
[Result "0-1"]
[WhiteElo "2332"]
[BlackElo "1843"]
[TimeControl "180+1"]
[EndTime "10:16:41 PDT"]
[Termination "algatar2020 won on time"]

1. d4 g6 2. g3 Bg7 3. Bg2 d6 4. e4 c6 5. Ne2 Qc7 6. Nbc3 e5 7. O-O Nf6 8. h3 O-O 9. a4 Be6 10. Be3 Nbd7 11. d5 cxd5 12. exd5 Bf5 13. g4 Nxg4 14. hxg4 Bxg4 15. Qd2 f5 16. Bg5 f4 17. Be7 Rf7 18.
Nb5 Qb6 19. Bxd6 f3 20. Nec3 fxg2 21. Kxg2 a6 22. Bc7 Qf6 0-1

[Event "*** Titled Tuesday Blitz"]
[Site "Chess.com"]
[Date "2020.05.05"]
[Round "2"]
[White "anon219"]
[Black "SCIM"]
[Result "1-0"]
[WhiteElo "2783"]
[BlackElo "2523"]
[TimeControl "180+1"]
[EndTime "10:16:42 PDT"]
[Termination "anon219 won by resignation"]

1. e4 c5 2. Nf3 e6 3. b3 b6 4. Bb2 Bb7 5. Qe2 Nf6 6. e5 Nd5 7. g3 Nc6 8. Bg2 Be7 9. O-O O-O 10. Nc3 Nxc3 11. dxc3 d5 12. exd6 Qxd6 13. Rad1 Qc7 14.
c4 Rad8 15. h4 Rxd1 16. Rxd1 Rd8 17. Re1 Nd4 18. Nxd4 cxd4 19. Bxb7 Qxb7 20. Rd1 Bf6 21. c3 dxc3 22. Bxc3 Qe7 23. Rxd8+ Qxd8 24. Bxf6 Qxf6 25. Qe4 Qd8 26. b4 h5 27. Qb7 Qd3 28. c5 bxc5 29. bxc5 Qd1+ 30. Kg2 g5 31. Qf3 Qxf3+ 32. Kxf3 g4+ 33.
Kf4 Kf8 34. Kg5 f5 35. Kxh5 e5 36. Kg5 1-0

[Event "*** Titled Tuesday Blitz"]
[Site "Chess.com"]
[Date "2020.05.05"]
[Round "2"]
[White "Stronger1799"]
[Black "JulAnt"]
[Result "0-1"]
[WhiteElo "2118"]
[BlackElo "2427"]
[TimeControl "180+1"]
[EndTime "10:16:42 PDT"]
[Termination "JulAnt won on time"]

1. e4 c5 2. Nf3 e6 3. d4 cxd4 4. Nxd4 Nf6 5. Nc3 d6 6. f3 a6 7. Be3 b5 8. g4 b4 9. Nce2 e5 10. Nf5 g6 11. Nfg3 Be6 12. Qd2 Nc6 13. Rd1 Qc7 14.
h4 Rc8 15. h5 Na5 16. Qxb4 Nc4 17. Bg5 Nd7 18. Nc3 Rb8 19. Qxb8+ Qxb8 20. hxg6 fxg6 21. Nd5 Bxd5 22. Rxd5 Qxb2 23. Bxc4 Qc3+ 0-1

[Event "*** Titled Tuesday Blitz"]
[Site "Chess.com"]
[Date "2020.05.05"]
[Round "2"]
[White "Thjop"]
[Black "cholzan"]
[Result "1-0"]
[WhiteElo "2669"]
[BlackElo "2464"]
[TimeControl "180+1"]
[EndTime "10:16:43 PDT"]
[Termination "Thjop won by resignation"]

1. e4 e6 2. d4 d5 3. Nd2 Be7 4. Bd3 c5 5. dxc5 Nf6 6. Qe2 O-O 7.
Ngf3 a5 8. c4 dxe4 9. Nxe4 Na6 10. Nxf6+ Bxf6 11. Be3 Bxb2 12. Rd1 Bc3+ 13. Kf1 g6 14.
Bxg6 hxg6 15. Rxd8 Rxd8 16. Bg5 Re8 17. h4 Nxc5 18.
h5 e5 19. hxg6 Bf5 20. gxf7+ Kxf7 21. Kg1 Rad8 22. Rh6 e4 23. Nh4 1-0

[Event "*** Titled Tuesday Blitz"]
[Site "Chess.com"]
[Date "2020.05.05"]
[Round "2"]
[White "PSvidler"]
[Black "Gmedmundo"]
[Result "1-0"]
[WhiteElo "3052"]
[BlackElo "2492"]
[TimeControl "180+1"]
[EndTime "10:16:43 PDT"]
[Termination "PSvidler won by resignation"]

1. e4 c5 2. Nf3 d6 3. d4 cxd4 4.
Nxd4 Nf6 5. Nc3 Nc6 6. Bg5 e6 7. Qd2 a6 8. O-O-O Bd7 9. f3 Be7 10. h4 b5 11. Nxc6 Bxc6 12. Ne2 h6 13. Be3 h5 14. Nd4 Bb7 15. Bg5 Rc8 16. Kb1 Qc7 17.
Bd3 g6 18. Rhe1 O-O 19. c3 Rfd8 20. Qe3 Qc5 21. Bc2 b4 22. cxb4 Qxb4 23. Bb3 a5 24.
a3 Qb6 25. Nf5 Qxe3 26. Nxe7+ Kf8 27. Nxg6+ fxg6 28. Rxe3 Kf7 29. Red3 1-0

[Event "*** Titled Tuesday Blitz"]
[Site "Chess.com"]
[Date "2020.05.05"]
[Round "2"]
[White "leoduarte"]
[Black "VitaliyBernadskiy"]
[Result "1-0"]
[WhiteElo "2348"]
[BlackElo "2657"]
[TimeControl "180+1"]
[EndTime "10:16:43 PDT"]
[Termination "leoduarte won by checkmate"]

1. e4 h6 2. d4 c6 3. Nc3 d5 4. Nf3 dxe4 5. Nxe4 Bf5 6. Bd3 e6 7. Qe2 Nd7 8. h3 Be7 9. Bf4 Bxe4 10. Bxe4 Ngf6 11.
Bd3 O-O 12. O-O-O Qa5 13. Kb1 c5 14. g4 cxd4 15. g5 Nd5 16. Bc1 h5 17. g6 Nc3+ 18. bxc3 dxc3 19. gxf7+ Rxf7 20. Qxe6 Nc5 21. Bh7+ Kf8 22.
Qc4 b5 23. Qd5 Rd8 24. Qxh5 Rxd1 25. Rxd1 Qb4+ 26. Ka1 Bf6 27. Bg6 Nb3+ 28. axb3 Qxb3 29. Qh8+ Ke7 30. Qd8+ Ke6 31. Qd6# 1-0

[Event "*** Titled Tuesday Blitz"]
[Site "Chess.com"]
[Date "2020.05.05"]
[Round "2"]
[White "Azoulas1"]
[Black "Saloni1299"]
[Result "0-1"]
[WhiteElo "1890"]
[BlackElo "2348"]
[TimeControl "180+1"]
[EndTime "10:16:43 PDT"]
[Termination "Saloni1299 won by resignation"]

1. e4 e6 2. d4 d5 3. Nc3 Bb4 4. e5 c5 5. a3 Bxc3+ 6. bxc3 Ne7 7. Qg4 Qc7 8. Qxg7 Rg8 9. Qxh7 cxd4 10. Ne2 Nbc6 11. f4 dxc3 12. Qd3 d4 13. g3 b6 14. Bg2 Bb7 15. Be4 O-O-O 16. Rb1 Na5 17. Rb4 Nf5 18. Bxb7+ Qxb7 19. Rg1 Nc6 20. Rc4 Kb8 21.
Qe4 Na5 22. Qxb7+ Kxb7 23. Rb4 Nc6 24. Rc4 Na5 25. Rb4 Nc6 26. Rc4 b5 27. Rxc6 Kxc6 28. g4 Nh4 29. Kf2 d3 30. cxd3 Rxd3 31. Be3 Kb7 32.
Rc1 Rxg4 33. Rxc3 Rg2+ 34. Ke1 Rxe2+ 35. Kxe2 Rxc3 36. Bf2 Nf5 37. Be1 Rxa3 38. Bb4 Rh3 39. Kf2 Rxh2+ 40. Kg1 Rb2 41. Kf1 Rxb4 42. Ke1 a5 0-1

[Event "*** Titled Tuesday Blitz"]
[Site "Chess.com"]
[Date "2020.05.05"]
[Round "2"]
[White "GigaQuparadze"]
[Black "Riptide27"]
[Result "1-0"]
[WhiteElo "2819"]
[BlackElo "2534"]
[TimeControl "180+1"]
[EndTime "10:16:45 PDT"]
[Termination "GigaQuparadze won by resignation"]

1. e4 e5 2. Nf3 Nc6 3. Bb5 a6 4. Ba4 Nf6 5. d3 b5 6. Bb3 Bc5 7. c3 d6 8. d4 Bb6 9. O-O O-O 10. Re1 h6 11. Be3 Bg4 12. d5 Bxe3 13. Rxe3 Ne7 14.
h3 Bd7 15. Nbd2 g5 16. Nh2 Ng6 17. Ng4 Kg7 18. Nf1 Nxg4 19. hxg4 Qc8 20. Rg3 Nf4 21. Ne3 Rh8 22. Nf5+ Bxf5 23. gxf5 Kf6 24. Re3 h5 25. a4 Rb8 26. axb5 axb5 27. g3 Nh3+ 28.
Kg2 g4 29. f4 gxf3+ 30. Qxf3 Ng5 31. Qf2 Qb7 32. Rh1 Rbg8 33. Rh4 Qa7 34. Bd1 Rg7 35. Re1 Qa2 36. Bxh5 Qc4 37. Be2 Qxe4+ 38. Rxe4 Nxe4 39. Qe3 Ng5 40. Rh1 Rxh1 41. Kxh1 Rh7+ 42. Kg2 1-0

[Event "*** Titled Tuesday Blitz"]
[Site "Chess.com"]
[Date "2020.05.05"]
[Round "2"]
[White "Vaathi_Coming"]
[Black "Artem_Sadovsky"]
[Result "1-0"]
[WhiteElo "2840"]
[BlackElo "2540"]
[TimeControl "180+1"]
[EndTime "10:16:48 PDT"]
[Termination "Vaathi_Coming won by resignation"]

1. e4 g6 2. h4 Bg7 3. h5 d5 4. exd5 Qxd5 5. Nc3 Qe5+ 6. Be2 Bg4 7.
d4 Bxe2 8. Ngxe2 Qa5 9. Bf4 Nd7 10. h6 Bf6 11. Qd3 e5 12. dxe5 Nxe5 13. Qd5 Nc6 14. O-O-O Nge7 15. Qxa5 Nxa5 16. Ne4 Ng8 17. Nxf6+ Nxf6 18.
Be5 Ke7 19. Nc3 Rhd8 20. Rhe1 Rxd1+ 21. Nxd1 Ng4 22. Bxc7+ Kd7 23. Bxa5 Nxh6 24. Rh1 Nf5 25. Rxh7 Ke6 26. Rh3 b6 27. Be1 Rd8 28. c3 b5 29. Kc2 a6 30. Ne3 Nd6 31. f3 Nb7 32. b4 Nd6 33. Rh4 Rc8 34. Bg3 Ne8 35. Re4+ Kf6 36.
Nd5+ Kf5 37. Ne7+ 1-0

[Event "*** Titled Tuesday Blitz"]
[Site "Chess.com"]
[Date "2020.05.05"]
[Round "2"]
[White "11kevin"]
[Black "Igor_Lysyj"]
[Result "0-1"]
[WhiteElo "2520"]
[BlackElo "2776"]
[TimeControl "180+1"]
[EndTime "10:16:50 PDT"]
[Termination "Igor_Lysyj won on time"]

1. d4 Nf6 2. c4 e6 3. g3 d5 4. Nf3 Be7 5. Bg2 O-O 6. O-O c6 7.
Nc3 a5 8. Nd2 b5 9. cxb5 cxb5 10.
Nxb5 Qb6 11. a4 Nc6 12. Nb3 Ba6 13. Be3 Bxb5 14. axb5 Qxb5 15. Qc2 a4 16. Nc1 Rfc8 17. Qd2 Na5 18. Ra2 Nc4 19. Qd3 Rab8 20. Bf4 Nxb2 21. Qb1 Rb6 0-1

[Event "*** Titled Tuesday Blitz"]
[Site "Chess.com"]
[Date "2020.05.05"]
[Round "2"]
[White "stoleriu"]
[Black "vladislavkovalev"]
[Result "0-1"]
[WhiteElo "2559"]
[BlackElo "2871"]
[TimeControl "180+1"]
[EndTime "10:16:51 PDT"]
[Termination "vladislavkovalev won by resignation"]

1. e4 e5 2. Nf3 Nc6 3. Bb5 a6 4. Ba4 Nf6 5. d3 b5 6. Bb3 Bc5 7. Nc3 h6 8. Nd5 d6 9. O-O Rb8 10. Be3 O-O 11. c3 Nxd5 12. exd5 Bxe3 13. fxe3 Ne7 14.
e4 Ng6 15. d4 Qe7 16. dxe5 Nxe5 17. Nd4 Bd7 18. Qe2 a5 19. Rae1 a4 20. Bc2 b4 21.
c4 g6 22. h3 Kg7 23. b3 Ra8 24. Bb1 Qg5 25. Qf2 Bxh3 26. Nf3 Nxf3+ 27. Qxf3 Bg4 28. Qg3 axb3 29. axb3 f6 30. Bc2 Ra2 31. Bd1 Bxd1 32. Qxg5 hxg5 33. Rxd1 Rfa8 34. Rf3 Re2 35. Rdf1 Raa2 36.
Rg3 Rxe4 37. Rgf3 f5 0-1

[Event "*** Titled Tuesday Blitz"]
[Site "Chess.com"]
[Date "2020.05.05"]
[Round "2"]
[White "cukin84"]
[Black "Gulkov_Igor"]
[Result "0-1"]
[WhiteElo "2052"]
[BlackElo "2374"]
[TimeControl "180+1"]
[EndTime "10:16:51 PDT"]
[Termination "Gulkov_Igor won by resignation"]

1. e4 c5 2. Nc3 d6 3. f4 g6 4. Nf3 Bg7 5. d3 Nc6 6. g3 e6 7. Bg2 Nge7 8. O-O O-O 9. Qe1 b6 10. Nh4 f5 11. exf5 gxf5 12. Nf3 Qd7 13. Be3 Bb7 14.
Kh1 Rae8 15. Bg1 Nd4 16. Bxd4 cxd4 17. Ne2 e5 18. fxe5 dxe5 19. Qb4 Nd5 20. Qb3 Kh8 21.
Nh4 Ne3 22. Rf3 Bxf3 23. Bxf3 e4 24. Bg2 Ng4 25. Nf4 Bh6 26. Rf1 Ne3 27. Rf2 Qc6 28.
Qb4 Qc5 29. Qa4 Bxf4 30. Rxf4 Qxc2 31. Qxc2 Nxc2 32. Nxf5 Rxf5 33. Rxf5 e3 0-1

[Event "*** Titled Tuesday Blitz"]
[Site "Chess.com"]
[Date "2020.05.05"]
[Round "2"]
[White "Manukyan_Artak"]
[Black "CHENNAIBOND"]
[Result "1-0"]
[WhiteElo "2344"]
[BlackElo "1215"]
[TimeControl "180+1"]
[EndTime "10:16:51 PDT"]
[Termination "Manukyan_Artak won by resignation"]

1. e4 c5 2. Nf3 Nc6 3. c3 Nf6 4. e5 Nd5 5. d4 d6 6. Bd3 dxe5 7. dxe5 Bg4 8. Be4 e6 9. Bxd5 exd5 10. Bf4 Be7 11. h3 Bf5 12. O-O O-O 13. Nbd2 Qd7 14. Re1 d4 15. cxd4 Nxd4 16. Nxd4 Qxd4 17. Be3 Qd3 18. Nb3 Rac8 19. Qxd3 Bxd3 20. Rad1 Rfd8 21.
f4 Bc2 22. Rxd8+ Bxd8 23. Nxc5 Bb6 24. b4 a5 25. a3 h6 26. Nxb7 Bxe3+ 27. Rxe3 axb4 28.
axb4 Bg6 29. Rb3 Bc2 30. Rb2 Be4 31. Nd6 Rc1+ 32. Kh2 Bc6 33. b5 Bb7 34. Nxb7 1-0

[Event "*** Titled Tuesday Blitz"]
[Site "Chess.com"]
[Date "2020.05.05"]
[Round "2"]
[White "kikydu96"]
[Black "powermove"]
[Result "1-0"]
[WhiteElo "2346"]
[BlackElo "1638"]
[TimeControl "180+1"]
[EndTime "10:16:53 PDT"]
[Termination "kikydu96 won on time"]

1. e4 e5 2. Nf3 Nc6 3. Bc4 Nf6 4. d3 Bc5 5. O-O d6 6. c3 a6 7. a4 Ba7 8. Na3 O-O 9. h3 Be6 10.
Re1 Qe7 11. Be3 Bxc4 12. Nxc4 Nh5 13. Qb3 Rab8 14. Bxa7 Nxa7 15. Ne3 c6 16. Rad1 Nf4 17. d4 Qf6 18. Ng4 Nxh3+ 19. Kh2 Qf4+ 20. Kxh3 h5 21. Ne3 g5 22. Nxg5 Qxg5 23. dxe5 dxe5 24. Nf5 Qg4+ 25.
Kh2 Kh7 26. Rd3 Rg8 27. Qxf7+ Rg7 28. Qxg7+ Qxg7 29. Nxg7 Kxg7 30. Rd7+ Kf6 31. Red1 1-0

[Event "*** Titled Tuesday Blitz"]
[Site "Chess.com"]
[Date "2020.05.05"]
[Round "2"]
[White "Nostradamus123"]
[Black "Harut-1998"]
[Result "0-1"]
[WhiteElo "2493"]
[BlackElo "2722"]
[TimeControl "180+1"]
[EndTime "10:16:54 PDT"]
[Termination "Harut-1998 won by resignation"]

1. d4 Nf6 2. c4 e6 3. Nf3 d5 4. Nc3 Bb4 5. Qa4+ Nc6 6. Bg5 Bd7 7. Qb3 dxc4 8. Qxc4 O-O 9. e3 a6 10. Bd3 h6 11.
Bh4 Be7 12. O-O Na5 13. Bxf6 Nxc4 14. Bxe7 Qxe7 15. Bxc4 c5 16. Rfd1 Rfd8 17. d5 b5 18. Bd3 Bc8 19. Be4 exd5 20. Bxd5 Bb7 21. Bxb7 Qxb7 22. e4 b4 23. Nd5 f5 24. Ne5 fxe4 25. Ne3 Qc7 26. N3c4 Rxd1+ 27. Rxd1 Rd8 28. Re1 Rd5 29.
Ng4 Qf4 30. h3 h5 31. Nge3 Rd4 0-1

[Event "*** Titled Tuesday Blitz"]
[Site "Chess.com"]
[Date "2020.05.05"]
[Round "2"]
[White "IAgrest"]
[Black "White_Ghost"]
[Result "0-1"]
[WhiteElo "2235"]
[BlackElo "2463"]
[TimeControl "180+1"]
[EndTime "10:16:54 PDT"]
[Termination "White_Ghost won by resignation"]

1. e4 e5 2. Nf3 Nc6 3. Bb5 a6 4. Ba4 b5 5. Bb3 Na5 6. O-O d6 7. c3 Nxb3 8. axb3 Nf6 9. Re1 Bb7 10. d3 Be7 11. Nbd2 O-O 12. Nf1 Re8 13. Ng3 Bf8 14.
Nf5 h6 15. h3 Kh7 16. b4 g6 17. Ng3 Bg7 18. Nh2 c5 19. Qb3 Qc7 20. Ng4 Nxg4 21. hxg4 Rac8 22. Be3 Red8 23. g5 h5 24. f3 Bf8 25. Kf2 d5 26. exd5 Bxd5 27. Qd1 cxb4 28. Rxa6 bxc3 29. bxc3 Qxc3 30. Rh1 Qb2+ 31. Qe2 Rc2 0-1

[Event "*** Titled Tuesday Blitz"]
[Site "Chess.com"]
[Date "2020.05.05"]
[Round "2"]
[White "Goala"]
[Black "Aikiigm"]
[Result "1-0"]
[WhiteElo "2365"]
[BlackElo "2624"]
[TimeControl "180+1"]
[EndTime "10:16:56 PDT"]
[Termination "Goala won by checkmate"]

1. d4 d5 2. Nc3 Bf5 3. f3 c6 4.
e4 Bg6 5. Bd3 e6 6. Nge2 Qh4+ 7.
g3 Qd8 8. Be3 Nf6 9. Nf4 Nbd7 10. h4 Bb4 11. h5 Bxc3+ 12. bxc3 dxe4 13. hxg6 exd3 14. gxf7+ Kxf7 15. Qxd3 Qa5 16. O-O Qf5 17. Qc4 Nb6 18. Qb3 g5 19. g4 Qa5 20. Qxe6+ Kg7 21. Qe7+ Kg8 22. Ne6 Nh5 23. gxh5 Qf5 24. Qg7# 1-0

[Event "*** Titled Tuesday Blitz"]
[Site "Chess.com"]
[Date "2020.05.05"]
[Round "2"]
[White "LiamVrolijk"]
[Black "Trankuilizer"]
[Result "1-0"]
[WhiteElo "2746"]
[BlackElo "2515"]
[TimeControl "180+1"]
[EndTime "10:16:57 PDT"]
[Termination "LiamVrolijk won by resignation"]

1. d4 Nf6 2. c4 g6 3. Nc3 Bg7 4. e4 d6 5. Be2 O-O 6. Be3 e5 7.
d5 Nbd7 8. g4 Nc5 9. f3 a5 10.
h4 a4 11. h5 c6 12. Qd2 Qa5 13.
Rc1 cxd5 14. cxd5 Bd7 15. h6 Bh8 16. Nb1 Rfc8 17. Qxa5 Rxa5 18. Nh3 Ne8 19. Nf2 Bf6 20. Na3 Bd8 21. Nc4 Raa8 22. Nxd6 Nxd6 23. Rxc5 Ba5+ 24. Kf1 Bb4 25. Rxc8+ Rxc8 26. Nd3 Nc4 27. Nxb4 Nxe3+ 28. Kf2 Nc2 29. Nd3 f6 30. Rc1 a3 31. bxa3 g5 32.
Bd1 Nxa3 33. Rxc8+ Bxc8 34. Ba4 Kf7 35. d6 b5 36. Bb3+ Nc4 37. Nc5 1-0

[Event "*** Titled Tuesday Blitz"]
[Site "Chess.com"]
[Date "2020.05.05"]
[Round "2"]
[White "TengisChess"]
[Black "Enriquack"]
[Result "1-0"]
[WhiteElo "2539"]
[BlackElo "2284"]
[TimeControl "180+1"]
[EndTime "10:16:57 PDT"]
[Termination "TengisChess won by resignation"]

1. c4 e5 2. Nc3 Nf6 3. g3 Nc6 4. Bg2 Bb4 5. Nf3 O-O 6. O-O d6 7. Nd5 Bc5 8. d3 h6 9. Rb1 a5 10. a3 Nxd5 11. cxd5 Nd4 12. b4 axb4 13. axb4 Nxf3+ 14. Bxf3 Bb6 15. Qc2 Bh3 16. Re1 f5 17. Bg2 Bxg2 18.
Kxg2 f4 19. f3 Qf6 20. Rf1 Qf7 21. Qb3 Ra7 22. Bd2 Rfa8 23. Be1 Ra2 24. Rb2 Rxb2 25. Qxb2 Qxd5 26. Bf2 Ra2 27. Qc1 Rxe2 28. gxf4 Qxd3 29. fxe5 Qg6+ 30. Kh1 Bxf2 31. Qc4+ Kh7 32. Qxe2 Bb6 33. e6 1-0

[Event "*** Titled Tuesday Blitz"]
[Site "Chess.com"]
[Date "2020.05.05"]
[Round "2"]
[White "mortngabriel"]
[Black "ZarinaShafigullina"]
[Result "1-0"]
[WhiteElo "2460"]
[BlackElo "2230"]
[TimeControl "180+1"]
[EndTime "10:16:58 PDT"]
[Termination "mortngabriel won by resignation"]

1. d4 Nf6 2. c4 e6 3. Nf3 b6 4. g3 Ba6 5. Qc2 Bb7 6. Bg2 c5 7. d5 exd5 8. cxd5 Bxd5 9. Nc3 Bc6 10. e4 Be7 11. e5 Nd5 12. Nxd5 Bxd5 13. O-O Qc7 14.
Bf4 Qc6 15. Qc3 Na6 16. Rad1 Nc7 17. e6 dxe6 18. Qxg7 O-O-O 19. Ne5 Qb7 20. Bxd5 Nxd5 21. Qxf7 Nxf4 22. Qxf4 Bd6 23. Qf7 Rhe8 24. Rxd6 Rxd6 25. Qxe8+ Kc7 26. Qe7+ 1-0

[Event "*** Titled Tuesday Blitz"]
[Site "Chess.com"]
[Date "2020.05.05"]
[Round "2"]
[White "ChessTraining77"]
[Black "Jospem"]
[Result "0-1"]
[WhiteElo "2546"]
[BlackElo "2847"]
[TimeControl "180+1"]
[EndTime "10:16:59 PDT"]
[Termination "Jospem won by resignation"]

1. e4 c5 2. Nf3 d6 3. Bb5+ Nd7 4.
c3 Nf6 5. Bd3 a6 6. Bc2 b5 7. d4 Bb7 8. Nbd2 Rc8 9. O-O e6 10.
Re1 Be7 11. Nf1 Qc7 12. Bd3 O-O 13. Ng3 Rfe8 14. h4 Qb8 15. h5 Bf8 16. Qe2 e5 17. d5 c4 18. Bc2 g6 19. Bg5 a5 20. Nh4 Qc7 21. Qf3 Qd8 22. Rad1 Rb8 23. Qe3 Bc8 24. f4 Ng4 25. Qf3 Qb6+ 26. Kh1 Nf2+ 27. Kh2 exf4 28. Bxf4 Nxd1 29. Rxd1 Ne5 30. Bxe5 Rxe5 31. Qf4 g5 0-1

[Event "*** Titled Tuesday Blitz"]
[Site "Chess.com"]
[Date "2020.05.05"]
[Round "2"]
[White "Baronessa08"]
[Black "Camels1981"]
[Result "1-0"]
[WhiteElo "2468"]
[BlackElo "2238"]
[TimeControl "180+1"]
[EndTime "10:16:59 PDT"]
[Termination "Baronessa08 won by resignation"]

1. c4 c5 2. Nf3 Nc6 3. d4 cxd4 4. Nxd4 g6 5. e4 Bg7 6. Be3 d6 7. Nc3 Nf6 8. Be2 O-O 9. O-O Bd7 10. h3 Nxd4 11. Bxd4 Bc6 12. Qc2 Nd7 13. Bxg7 Kxg7 14. Rad1 a5 15. f4 a4 16. Bg4 Qb6+ 17. Kh1 Nc5 18.
e5 dxe5 19. fxe5 Rfd8 20. Nd5 Bxd5 21. cxd5 e6 22. d6 Nd7 23. Qe2 Ra5 24. Qf3 Rf8 25.
Rde1 Qd4 26. Qxb7 Nxe5 27. Bxe6 Qxd6 28. Bc8 Nd3 29. Re3 Ra8 30. Qxa8 1-0

[Event "*** Titled Tuesday Blitz"]
[Site "Chess.com"]
[Date "2020.05.05"]
[Round "2"]
[White "ezkybel"]
[Black "mitraasz"]
[Result "1-0"]
[WhiteElo "2444"]
[BlackElo "2209"]
[TimeControl "180+1"]
[EndTime "10:16:59 PDT"]
[Termination "ezkybel won by resignation"]

1. e4 c5 2. Nf3 d6 3. d4 cxd4 4. Nxd4 Nf6 5. Nc3 g6 6. Be2 Bg7 7. O-O O-O 8. Kh1 Nc6 9. Nb3 Be6 10.
f4 Qc8 11. Bf3 Rd8 12. Nd5 Bxd5 13. exd5 Nb4 14. c3 Na6 15. Re1 e6 16. dxe6 fxe6 17.
Nd4 e5 18. Nb5 Qc5 19. Qb3+ Kh8 20. Be3 Qc8 21. Rad1 e4 22. Be2 d5 23. Nxa7 Qd7 24.
Nb5 Ng4 25. Bxg4 Qxg4 26. Rxd5 Re8 27. Nd6 Re7 28. h3 Qg3 29. Qd1 Rf8 30. Rg5 Qh4 31.
Qe2 Bh6 32. Rg4 Qf6 33. Bd4 1-0

[Event "*** Titled Tuesday Blitz"]
[Site "Chess.com"]
[Date "2020.05.05"]
[Round "2"]
[White "pirulillo"]
[Black "profofchess"]
[Result "0-1"]
[WhiteElo "2216"]
[BlackElo "2453"]
[TimeControl "180+1"]
[EndTime "10:17:00 PDT"]
[Termination "profofchess won by resignation"]

1. e4 e6 2. d3 c5 3. Nf3 Nc6 4.
g3 g6 5. d4 Bg7 6. d5 exd5 7.
exd5 Nd4 8. Nxd4 cxd4 9. Bg2 Qe7+ 10. Kf1 Nh6 11. Bf4 O-O 12. Nd2 g5 13. d6 Qd8 0-1